[Event "Titled Tuesday Blitz December 20 Late 2022"]
[White "Alimpic, Aleksa"]
[Black "Acosta Cruz, Oscar Yosimar"]
[WhiteFideId "974323"]
[BlackFideId "5111269"]
[WhiteElo "2283"]
[BlackElo "2147"]
[Result "0-1"]
[Round "03"]
[TimeControl "180+1"]
[Date "2022.12.21"]
[WhiteClock "0:00:01"]
[BlackClock "0:00:19"]

1. Nf3 g6 2. g3 Bg7 3. Bg2 Nf6 4. O-O O-O 5. c4 d6 6. b3 Re8 7. d4 Nbd7 8. Bb2 e5 9. dxe5 Ng4 10. Nc3 Ngxe5 11. Nxe5 Nxe5 12. Qd2 Rb8 13. Rfd1 Be6 14. Rac1 a6 15. Nd5 Bxd5 16. cxd5 Qd7 17. Rc2 h5 18. Rdc1 Rbc8 19. Qa5 Re7 20. Qb4 Qb5 21. Ba3 Bh6 22. e3 Qxb4 23. Bxb4 Nd3 24. Bxd6 Rd7 25. Ba3 Nxc1 26. Rxc1 Bf8 27. Bb2 Bd6 28. e4 Re8 29. f3 Be5 30. Ba3 g5 31. Bh3 Rdd8 32. Bf5 Kg7 33. Kg2 c6 34. Rd1 cxd5 35. exd5 Bd6 36. Bb2+ Be5 37. Ba3 Bd6 38. Bb2+ Kh6 39. Rd2 Re1 40. Bf6 Rde8 41. h4 gxh4 42. gxh4 Bf4 43. Rc2 R1e2+ 44. Rxe2 Rxe2+ 45. Kh3 Rh2# 0-1


[Site "https://www.chess.com"]

[Event "Titled Tuesday Blitz December 20 Late 2022"]
[White "Andreikin, Dmitry"]
[Black "Wieczorek, Oskar"]
[WhiteFideId "4158814"]
[BlackFideId "1133950"]
[WhiteElo "2735"]
[BlackElo "2415"]
[Result "1-0"]
[Round "03"]
[TimeControl "180+1"]
[Date "2022.12.20"]
[WhiteClock "0:00:46"]
[BlackClock "0:00:13"]

1. Nf3 Nf6 2. c4 c5 3. Nc3 Nc6 4. g3 d5 5. cxd5 Nxd5 6. Bg2 Nc7 7. a3 e5 8. b4 f6 9. b5 Nd4 10. Rb1 Be7 11. e3 Nxf3+ 12. Bxf3 O-O 13. O-O Rb8 14. Qa4 Bf5 15. b6 axb6 16. Rxb6 Bd3 17. Re1 Ba6 18. Rd1 Ne8 19. Re6 Nc7 20. Rb6 Ne8 21. Nd5 Nd6 22. d4 cxd4 23. exd4 e4 24. Bg2 f5 25. Bf4 Nc4 26. Nxe7+ Qxe7 27. Rxa6 Nb2 1-0


[Site "https://www.chess.com"]

[Event "Titled Tuesday Blitz December 20 Late 2022"]
[White "Antonio, Jorge Carlos"]
[Black "Gomes, Luiz Alexandre de Souza"]
[WhiteFideId "113190"]
[BlackFideId "2102790"]
[WhiteElo "2247"]
[BlackElo "2380"]
[Result "0-1"]
[Round "03"]
[TimeControl "180+1"]
[Date "2022.12.21"]
[WhiteClock "0:00:03"]
[BlackClock "0:01:04"]

1. e4 c5 2. c3 d5 3. e5 Nc6 4. d4 e6 5. Nf3 Qb6 6. Be2 Nge7 7. O-O Nf5 8. dxc5 Bxc5 9. Nbd2 h5 10. Nb3 Be7 11. Bd3 g6 12. Re1 Bd7 13. Qc2 Rc8 14. Bxf5 gxf5 15. Bg5 Bxg5 16. Nxg5 h4 17. h3 a5 18. Qd2 a4 19. Nd4 Nxd4 20. cxd4 Rc4 21. Nf3 Bb5 22. Qg5 Rc2 23. Rac1 Bd3 24. Rxc2 Bxc2 25. Rc1 Qxb2 26. Qd2 Qxa2 27. Rxc2 Qb1+ 28. Kh2 Kd7 29. Qc3 Qb6 30. Rb2 Qc6 31. Qb4 Rb8 32. Ra2 b5 33. Ng5 Ke8 34. Nh7 Rc8 35. Qf8+ Kd7 36. Qxf7+ Kd8 37. Nf6 Rb8 38. Qf8+ Kc7 39. Qe7+ Kb6 40. Nd7+ Ka7 41. Nxb8+ Kxb8 42. Qd8+ Kb7 0-1


[Site "https://www.chess.com"]

[Event "Titled Tuesday Blitz December 20 Late 2022"]
[White "Araujo, Everson De Moura"]
[Black "Postnikov, Artem"]
[WhiteFideId "22737197"]
[BlackFideId "34153575"]
[WhiteElo "2035"]
[BlackElo "2243"]
[Result "1-0"]
[Round "03"]
[TimeControl "180+1"]
[Date "2022.12.21"]
[WhiteClock "0:00:57"]
[BlackClock "0:00:12"]

1. c4 Nf6 2. Nc3 e6 3. Nf3 d5 4. e3 Be7 5. b3 O-O 6. Bb2 c5 7. cxd5 Nxd5 8. Qb1 Nc6 9. h4 h6 10. Bd3 Ncb4 11. Bh7+ Kh8 12. Ng5 Bxg5 13. hxg5 Qxg5 14. Ne4 Qxg2 15. Rxh6 Qg1+ 16. Ke2 Qxb1 17. Rxb1 f6 18. Rh2 g5 19. Nxg5 e5 20. Rg1 fxg5 21. Bxe5+ Nf6 22. Rxg5 1-0


[Site "https://www.chess.com"]

[Event "Titled Tuesday Blitz December 20 Late 2022"]
[White "Arbunic Castro, Giovanna"]
[Black "Melikhov, Evgeny V."]
[WhiteFideId "3400549"]
[BlackFideId "4122046"]
[WhiteElo "1964"]
[BlackElo "2169"]
[Result "0-1"]
[Round "03"]
[TimeControl "180+1"]
[Date "2022.12.21"]
[WhiteClock "0:00:06"]
[BlackClock "0:01:00"]

1. e4 c5 2. g3 d5 3. exd5 Qxd5 4. Nf3 b6 5. Bg2 Bb7 6. O-O Nf6 7. Re1 e6 8. Nh4 Qd7 9. Bxb7 Qxb7 10. Qf3 Qxf3 11. Nxf3 Nc6 12. c3 O-O-O 13. a3 h6 14. b4 Be7 15. b5 Na5 16. Ne5 Rhf8 17. d4 cxd4 18. cxd4 Rxd4 19. Be3 Rd5 20. f4 Rxb5 21. Nc3 Rb3 22. Rac1 Kb7 23. a4 Rc8 24. Nb5 Rxe3 25. Rxc8 Rxe1+ 26. Kf2 Kxc8 27. Kxe1 a6 28. Nd4 Bb4+ 29. Ke2 Bc3 30. Ndf3 Bxe5 31. Nxe5 Nd7 32. Nxf7 Nc5 33. Nd6+ Kd7 0-1


[Site "https://www.chess.com"]

[Event "Titled Tuesday Blitz December 20 Late 2022"]
[White "Arnold, Ken"]
[Black "Migot, Tangi"]
[WhiteFideId "2056836"]
[BlackFideId "662445"]
[WhiteElo "2344"]
[BlackElo "2563"]
[Result "1/2-1/2"]
[Round "03"]
[TimeControl "180+1"]
[Date "2022.12.21"]
[WhiteClock "0:00:59"]
[BlackClock "0:00:51"]

1. d4 Nf6 2. Nf3 e6 3. Bf4 d5 4. c3 Bd6 5. Bxd6 cxd6 6. Nbd2 O-O 7. g3 b6 8. Bg2 a5 9. O-O Ba6 10. Re1 Nbd7 11. e4 dxe4 12. Nxe4 Nxe4 13. Rxe4 Bb7 14. Re1 b5 15. a3 Qb6 16. Nd2 Bxg2 17. Kxg2 b4 18. axb4 axb4 19. Qf3 d5 20. Nc4 Qc7 21. Ne5 Rxa1 22. Rxa1 Nxe5 23. dxe5 Qxe5 24. cxb4 Qxb2 25. Qa3 Qxa3 26. Rxa3 Rb8 27. Kf3 g5 28. Rb3 Kg7 29. Ke3 e5 30. f4 gxf4+ 31. gxf4 f6 32. b5 Rb6 33. fxe5 fxe5 34. Kd3 Kf6 35. Kc3 Ke6 36. Kb4 Kd6 37. Rh3 Rb8 38. Rh6+ Ke7 39. Rxh7+ Kd6 40. Rh6+ Ke7 41. Kc5 d4 42. Rh7+ Ke6 43. Rh6+ Kf5 44. b6 d3 45. Rd6 e4 46. Kd4 Rb7 47. Ke3 Rh7 48. Rd5+ Ke6 49. Rb5 Rh3+ 50. Kxe4 d2 51. Rb1 Rb3 52. Rd1 Rxb6 53. Rxd2 Kf6 54. Kf4 Kg6 55. Rg2+ 1/2-1/2


[Site "https://www.chess.com"]

[Event "Titled Tuesday Blitz December 20 Late 2022"]
[White "Baches Garcia, Guillermo"]
[Black "Bas Mas, Jose Joaquin"]
[WhiteFideId "2209764"]
[BlackFideId "22219064"]
[WhiteElo "2475"]
[BlackElo "2233"]
[Result "1-0"]
[Round "03"]
[TimeControl "180+1"]
[Date "2022.12.21"]
[WhiteClock "0:00:13"]
[BlackClock "0:00:05"]

1. e4 c5 2. Nf3 d6 3. d4 cxd4 4. Nxd4 Nf6 5. Nc3 g6 6. g3 Bg7 7. Bg2 O-O 8. O-O Nc6 9. Nde2 Be6 10. Nd5 Rc8 11. a4 Na5 12. Ra2 Nxd5 13. exd5 Bf5 14. b3 b6 15. c4 Bg4 16. h3 Bd7 17. Be3 Nb7 18. Nd4 a5 19. Re1 Nc5 20. Rae2 Re8 21. Kh2 e5 22. dxe6 fxe6 23. Qc2 e5 24. Bd5+ Kh8 25. Nb5 Bf5 26. Qd1 Nd3 27. Rf1 Nb4 28. Bg2 Bd3 29. Rd2 Bxf1 30. Bxf1 Bf8 31. Bg2 Qf6 32. Bxb6 Be7 33. Bxa5 Nc6 34. Bc3 Rf8 35. Bb2 Qg5 36. Nc3 Nd4 37. Ne4 Qf5 38. Rxd4 exd4 39. Qxd4+ Kg8 40. Qg7# 1-0


[Site "https://www.chess.com"]

[Event "Titled Tuesday Blitz December 20 Late 2022"]
[White "Bambino Filho, Antonio Carlos"]
[Black "Ardila, Oscar Humberto"]
[WhiteFideId "2113163"]
[BlackFideId "4404742"]
[WhiteElo "2404"]
[BlackElo "1961"]
[Result "1-0"]
[Round "03"]
[TimeControl "180+1"]
[Date "2022.12.21"]
[WhiteClock "0:00:14"]
[BlackClock "0:00:10"]

1. e4 e5 2. Nf3 Nc6 3. Bc4 Nf6 4. d3 Bc5 5. c3 d6 6. O-O O-O 7. a4 a6 8. Nbd2 Qe7 9. h3 Be6 10. Re1 Bxc4 11. Nxc4 b5 12. Ne3 Bxe3 13. Bxe3 b4 14. Bg5 h6 15. Bh4 Qe6 16. a5 Nh5 17. Qa4 Na7 18. Qxb4 Rab8 19. Qa3 Rb3 20. Qa2 Rfb8 21. Re2 Nf4 22. Rd2 g5 23. Bg3 Kg7 24. Bxf4 gxf4 25. d4 f6 26. Kh1 Qc4 27. dxe5 fxe5 28. Re1 Qb5 29. Nh4 Nc6 30. Nf5+ Kf6 31. Qa1 Rxb2 32. Rxb2 Qxb2 33. Qa4 Qb5 34. Qa2 Qb3 35. Qd2 Ne7 36. Nxh6 Rh8 37. Ng4+ Kg5 38. g3 Ng6 39. Kg2 Qe6 40. Qe2 Rf8 41. h4+ Kh5 42. Nxe5+ Kh6 43. Nf3 Qg4 44. Qd2 Kg7 45. Ng5 f3+ 46. Kh2 Nxh4 47. Qd4+ Kg6 48. Nh3 Ng2 49. Rg1 Rh8 50. Qxh8 Kf7 51. Rxg2 fxg2 52. Kxg2 Ke7 53. Qh4+ Qxh4 54. gxh4 c5 55. Kf3 Kf6 56. Ke2 Ke5 57. Ke3 d5 58. f4+ Kd6 59. exd5 Kxd5 60. Kd3 c4+ 61. Ke3 Kc5 62. h5 Kb5 63. h6 Kxa5 64. h7 Kb5 65. h8=Q a5 66. Qe5+ Ka4 67. Qb8 Ka3 68. Kd2 a4 69. Kc1 Ka2 70. Qb2# 1-0


[Site "https://www.chess.com"]

[Event "Titled Tuesday Blitz December 20 Late 2022"]
[White "Battlecruiser_Operational"]
[Black "Souleidis, Georgios"]
[BlackFideId "4206827"]
[WhiteElo "2423"]
[BlackElo "2401"]
[Result "1/2-1/2"]
[Round "03"]
[TimeControl "180+1"]
[Date "2022.12.21"]
[WhiteClock "0:00:06"]
[BlackClock "0:00:14"]

1. d4 Nf6 2. c4 g6 3. Nc3 Bg7 4. e4 d6 5. Bd3 O-O 6. Nge2 e5 7. d5 c6 8. O-O a5 9. h3 Na6 10. Be3 Nc5 11. Bc2 cxd5 12. cxd5 Bd7 13. a4 Nh5 14. g4 Nf6 15. Ng3 Ne8 16. Kg2 Nc7 17. Qe2 N7a6 18. Nb5 Qe7 19. Rfc1 b6 20. Ra3 Nb4 21. Bb1 Bf6 22. Bh6 Bg7 23. Be3 Bf6 24. Bh6 Rfc8 25. Qd2 Nxa4 26. Rxc8+ Rxc8 27. Rxa4 Bxb5 28. Rxb4 axb4 29. Qxb4 Qd7 30. Be3 Bd8 31. g5 Ba6 32. Ba2 Qb5 33. Qxd6 Qxb2 34. Qd7 Qxa2 35. Qe8+ Kg7 36. Qxe5+ f6 37. gxf6+ Bxf6 38. Qe6 Qb2 39. Qg4 Kh8 40. h4 Rf8 41. h5 Bc8 42. Qd1 Qe5 43. d6 Bd7 44. hxg6 hxg6 45. Qh1+ Kg8 46. Qh6 Be8 47. Bf4 Qe6 48. Be3 Bg7 49. Qg5 Qxd6 50. f4 Qf6 51. Qg4 Bc6 52. Kf2 Qb2+ 53. Kf1 Qb1+ 54. Kf2 Bxe4 55. Qe6+ Rf7 56. Nxe4 Qb2+ 57. Kf3 g5 58. Nxg5 Qf6 59. Qxf7+ Qxf7 60. Nxf7 Kxf7 61. Bxb6 Ke6 62. Be3 Kf5 63. Ke2 Bh6 64. Kf2 Bxf4 1/2-1/2


[Site "https://www.chess.com"]

[Event "Titled Tuesday Blitz December 20 Late 2022"]
[White "Begmuratov, Khumoyun"]
[Black "Jobava, Baadur"]
[WhiteFideId "14210207"]
[BlackFideId "13601520"]
[WhiteElo "2267"]
[BlackElo "2582"]
[Result "0-1"]
[Round "03"]
[TimeControl "180+1"]
[Date "2022.12.20"]
[WhiteClock "0:00:04"]
[BlackClock "0:00:54"]

1. e4 e6 2. d4 d5 3. Nc3 dxe4 4. Nxe4 Bd7 5. Nf3 Bc6 6. Bd3 Nd7 7. c3 Ngf6 8. Qe2 Nxe4 9. Bxe4 Bxe4 10. Qxe4 c6 11. Bg5 Be7 12. Bxe7 Qxe7 13. O-O O-O 14. Rfe1 a5 15. a4 h6 16. Rad1 Rfd8 17. Qf4 Qf6 18. Qc7 Ra7 19. Ne5 Nf8 20. Re3 Rda8 21. Rf3 b6 22. Qxc6 Qd8 23. Qe4 Qe8 24. Rg3 Qxa4 25. Re1 Qe8 26. Ng4 Ng6 27. Qd3 Qd8 28. Ne3 a4 29. Qe4 a3 30. bxa3 Rxa3 31. Nc4 Ra1 32. h3 Qd5 33. Re3 0-1


[Site "https://www.chess.com"]

[Event "Titled Tuesday Blitz December 20 Late 2022"]
[White "Berezin, Viktor"]
[Black "Skvortsov, Andrei"]
[WhiteFideId "14107872"]
[BlackFideId "24108600"]
[WhiteElo "2310"]
[BlackElo "2285"]
[Result "0-1"]
[Round "03"]
[TimeControl "180+1"]
[Date "2022.12.21"]
[WhiteClock "0:01:10"]
[BlackClock "0:02:04"]

1. d4 Nf6 2. Nf3 c5 3. d5 e6 4. c4 exd5 5. cxd5 Bd6 6. Nc3 O-O 7. g3 Re8 8. Bg2 a6 9. a4 Bc7 10. O-O d6 11. Nd2 Nbd7 12. h3 Rb8 13. g4 b5 14. axb5 axb5 15. b4 c4 16. Bb2 Qe7 17. Re1 Bb6 18. Nf1 Ne5 19. Ng3 Nexg4 20. hxg4 Bxf2+ 21. Kxf2 Nxg4+ 22. Kg1 Qe3+ 23. Kh1 Qxg3 24. Qd4 Qh2# 0-1


[Site "https://www.chess.com"]

[Event "Titled Tuesday Blitz December 20 Late 2022"]
[White "Biernacki, Mark"]
[Black "Jarocka, Liwia"]
[WhiteFideId "2082322"]
[BlackFideId "21807558"]
[WhiteElo "1970"]
[BlackElo "1989"]
[Result "1-0"]
[Round "03"]
[TimeControl "180+1"]
[Date "2022.12.21"]
[WhiteClock "0:01:40"]
[BlackClock "0:01:35"]

1. c4 c5 2. Nc3 Nc6 3. Nf3 Nf6 4. g3 g6 5. Bg2 Bg7 6. O-O O-O 7. d4 cxd4 8. Nxd4 a6 9. c5 e5 10. Nb3 Re8 11. Bg5 b6 12. Bxc6 dxc6 13. Qxd8 Rxd8 14. cxb6 Rb8 15. Ne4 Nxe4 16. Bxd8 Be6 17. Bc7 Rb7 18. Na5 Bc8 19. Rfd1 1-0


[Site "https://www.chess.com"]

[Event "Titled Tuesday Blitz December 20 Late 2022"]
[White "Bjelobrk, Igor"]
[Black "Kamsky, Gata"]
[WhiteFideId "4300726"]
[BlackFideId "2000024"]
[WhiteElo "2335"]
[BlackElo "2666"]
[Result "0-1"]
[Round "03"]
[TimeControl "180+1"]
[Date "2022.12.20"]
[WhiteClock "0:00:16"]
[BlackClock "0:01:08"]

1. Nf3 Nf6 2. c4 g6 3. Nc3 Bg7 4. e4 d6 5. d4 c6 6. Be3 a6 7. Be2 b5 8. Qc2 O-O 9. h3 bxc4 10. Bxc4 d5 11. Bd3 dxe4 12. Nxe4 Nxe4 13. Bxe4 Be6 14. O-O Bd5 15. Ne5 e6 16. Rac1 a5 17. Rfd1 a4 18. b3 axb3 19. axb3 Ra6 20. Bd3 Rb6 21. Nc4 Rb5 22. Ra1 Qc7 23. Ra3 Nd7 24. Ne5 Rb7 25. Nxd7 Qxd7 26. Bc4 h5 27. Rda1 Rfb8 28. Ra8 Kh7 29. Rxb8 Rxb8 30. Rd1 Qb7 31. Rc1 Qd7 32. Qc3 c5 33. Rd1 cxd4 34. Bxd4 Bxc4 35. Qxc4 e5 0-1


[Site "https://www.chess.com"]

[Event "Titled Tuesday Blitz December 20 Late 2022"]
[White "Bluebaum, Matthias"]
[Black "Goncalves, Davi Sulzbacher"]
[WhiteFideId "24651516"]
[BlackFideId "2154510"]
[WhiteElo "2634"]
[BlackElo "2182"]
[Result "1-0"]
[Round "03"]
[TimeControl "180+1"]
[Date "2022.12.20"]
[WhiteClock "0:02:04"]
[BlackClock "0:00:05"]

1. d4 Nf6 2. c4 g6 3. Nc3 d5 4. cxd5 Nxd5 5. e4 Nxc3 6. bxc3 Bg7 7. Nf3 c5 8. Bb5+ Nc6 9. O-O cxd4 10. cxd4 O-O 11. Bxc6 bxc6 12. Qc2 Bg4 13. Ne5 Bxe5 14. dxe5 Qa5 15. f4 Rfd8 16. Be3 Qa6 17. Rfe1 Qd3 18. Qxd3 Rxd3 19. Bc5 Be6 20. Bxe7 Rd2 21. a4 h5 22. h3 a6 23. a5 Bc4 24. Rad1 Rxd1 25. Rxd1 Re8 26. Bf6 Bb5 27. Rd7 Rf8 28. Rc7 Re8 29. g4 hxg4 30. hxg4 Be2 31. Rxc6 Bxg4 32. Kf2 Bc8 33. Ke3 Kf8 34. Rc7 Be6 35. Ra7 Bc4 36. f5 Bb5 37. Kf4 gxf5 38. exf5 Rc8 39. Kg5 Rc1 40. Ra8+ Be8 41. Bd8 Rg1+ 42. Kf6 Rh1 43. Bc7 Rh6+ 44. Kg5 Rc6 45. Bd6+ Rxd6 46. exd6 f6+ 47. Kxf6 Kg8 48. Rxe8+ Kh7 49. d7 1-0


[Site "https://www.chess.com"]

[Event "Titled Tuesday Blitz December 20 Late 2022"]
[White "Bobadilla Viera, Jorge Samuel"]
[Black "Delorme, Axel"]
[WhiteFideId "3906353"]
[BlackFideId "632023"]
[WhiteElo "2182"]
[BlackElo "2478"]
[Result "0-1"]
[Round "03"]
[TimeControl "180+1"]
[Date "2022.12.21"]
[WhiteClock "0:01:03"]
[BlackClock "0:00:05"]

1. d4 d5 2. Nf3 e6 3. Bf4 c5 4. e3 Nc6 5. Nbd2 Nf6 6. c3 Nh5 7. Be5 f6 8. Bg3 cxd4 9. exd4 Be7 10. Bd3 Qb6 11. Qc2 Nxg3 12. hxg3 f5 13. O-O Bd7 14. Rfe1 O-O 15. Ne5 Nxe5 16. Rxe5 Rac8 17. Nf3 Bf6 18. Re2 Rfe8 19. Rae1 Qd6 20. Qb3 b5 21. Bxb5 Rb8 22. Bxd7 Rxb3 23. Bxe6+ Kf8 24. axb3 f4 25. gxf4 Qxf4 26. Bxd5 Rxe2 27. Rxe2 Qc1+ 28. Ne1 h5 29. b4 h4 30. Kf1 Qg5 31. Nf3 Qxd5 32. Ke1 Qa2 33. Rd2 Qb1+ 34. Ke2 Qe4+ 35. Kf1 h3 36. Kg1 Qg4 37. Ne1 Bg5 38. f3 Qg3 39. Re2 h2+ 40. Kh1 Bd2 41. Nd3 Bh6 42. d5 Qg5 43. c4 Qg6 44. Ne5 Qb1+ 45. Kxh2 Bf4+ 46. Kh3 Bxe5 47. Rxe5 Qxb2 48. Rf5+ Kg8 49. Rf4 Qxb4 50. Re4 Qd6 51. Kg4 Qd7+ 52. Kf4 a5 53. Ke3 a4 54. Kd4 a3 55. Re2 Qa7+ 56. c5 a2 57. Rxa2 Qxa2 58. d6 Qa8 0-1


[Site "https://www.chess.com"]

[Event "Titled Tuesday Blitz December 20 Late 2022"]
[White "Bogaudinov, Rushan"]
[Black "Mihajlov, Sebastian"]
[WhiteFideId "4129288"]
[BlackFideId "1512110"]
[WhiteElo "2028"]
[BlackElo "2464"]
[Result "0-1"]
[Round "03"]
[TimeControl "180+1"]
[Date "2022.12.21"]
[WhiteClock "0:00:11"]
[BlackClock "0:00:11"]

1. e4 e6 2. Nf3 d5 3. e5 c5 4. b4 cxb4 5. d4 Nc6 6. a3 bxa3 7. c3 f6 8. Bd3 Qc7 9. Qe2 fxe5 10. dxe5 Bd7 11. O-O a6 12. Nxa3 Bxa3 13. Bxa3 Nh6 14. Bd6 Qd8 15. Rfd1 Nf7 16. Ba3 Qc7 17. Re1 b5 18. h4 Ncd8 19. h5 Nb7 20. Rac1 Nc5 21. Bb1 Rc8 22. Nd4 O-O 23. Qg4 Nxe5 24. Qh3 Nc4 25. Bxc5 Qxc5 26. Qd3 Rf5 27. g4 Rg5 28. Qxh7+ Kf7 29. Bg6+ Ke7 30. Qxg7+ Kd6 31. f3 Ne5 32. Kg2 Nd3 33. Qf6 Nxc1 34. Qxg5 Qxc3 35. Qe5+ Kc5 36. Nxe6+ Kb4 37. Qxc3+ Rxc3 38. Nf4 Bc6 39. h6 d4 40. Be4 Bxe4 41. Rxe4 Nb3 42. h7 Rc8 43. Ng6 Kc3 44. h8=Q Rxh8 45. Nxh8 d3 46. Re1 d2 47. Rf1 Nd4 48. g5 b4 49. g6 Nf5 50. Nf7 Nh4+ 51. Kg3 Nxg6 52. Nd6 Ne5 53. Ne4+ Kd3 54. Rd1 Nc4 55. Nf2+ Ke2 56. f4 Ne3 57. Ra1 Nf5+ 58. Kg4 Ne3+ 59. Kg5 Kxf2 60. f5 Nxf5 61. Kxf5 Ke2 62. Ke4 d1=Q 63. Rxd1 Kxd1 64. Kd3 a5 65. Kc4 Kc2 66. Kb5 b3 67. Kxa5 b2 68. Kb4 b1=Q+ 69. Kc4 Qb3+ 0-1


[Site "https://www.chess.com"]

[Event "Titled Tuesday Blitz December 20 Late 2022"]
[White "Boros, Denes"]
[Black "Iliaguev, Nisim"]
[WhiteFideId "722340"]
[BlackFideId "2817276"]
[WhiteElo "2464"]
[BlackElo "2241"]
[Result "0-1"]
[Round "03"]
[TimeControl "180+1"]
[Date "2022.12.20"]
[WhiteClock "0:00:13"]
[BlackClock "0:00:17"]

1. d4 Nf6 2. Nc3 e6 3. Bg5 Bb4 4. Qd3 d5 5. Nf3 O-O 6. a3 Bxc3+ 7. Qxc3 c5 8. dxc5 Nc6 9. e3 Qe7 10. Bb5 e5 11. Bxc6 d4 12. Bxf6 gxf6 13. Qc4 bxc6 14. exd4 exd4+ 15. Qe2 Qxc5 16. O-O-O Rd8 17. Qe4 Bf5 18. b4 Qc3 19. Qxf5 d3 20. Rxd3 Rxd3 21. Qxd3 Qa1+ 22. Kd2 Qxh1 23. Nh4 Qxh2 24. Nf5 Qf4+ 25. Ke2 Re8+ 26. Ne3 h5 27. Qd7 Qe4 28. Kf1 Qe6 29. Qd4 Qe5 30. Qh4 Qa1+ 31. Ke2 Re5 32. Qg3+ Rg5 33. Qb8+ Kg7 34. Qxa7 Qe5 35. Kf1 f5 36. g3 f4 37. gxf4 Qxf4 38. Qd7 Re5 39. Qh3 h4 40. Ng2 Qc1+ 0-1


[Site "https://www.chess.com"]

[Event "Titled Tuesday Blitz December 20 Late 2022"]
[White "Bortnyk, Mykola"]
[Black "Olsen, Filip Boe"]
[WhiteFideId "14120836"]
[BlackFideId "1440640"]
[WhiteElo "2582"]
[BlackElo "2333"]
[Result "1-0"]
[Round "03"]
[TimeControl "180+1"]
[Date "2022.12.20"]
[WhiteClock "0:01:02"]
[BlackClock "0:00:17"]

1. e4 c6 2. d4 d5 3. exd5 cxd5 4. c4 Nf6 5. Nc3 Nc6 6. Bg5 Be6 7. Be2 g6 8. Bf3 Na5 9. cxd5 Nxd5 10. Nge2 Bg7 11. Qa4+ Nc6 12. Qb5 Nb4 13. Bxc6+ Nxc6 14. d5 a6 15. Qxb7 Na5 16. Qb4 Bf5 17. d6 Nc6 18. dxe7 Qd7 19. Qa4 h6 20. Rd1 Qe6 21. Rd8+ 1-0


[Site "https://www.chess.com"]

[Event "Titled Tuesday Blitz December 20 Late 2022"]
[White "Bortnyk, Olexandr"]
[Black "Sokolovsky, Yahli"]
[WhiteFideId "14120828"]
[BlackFideId "2820242"]
[WhiteElo "2723"]
[BlackElo "2316"]
[Result "1-0"]
[Round "03"]
[TimeControl "180+1"]
[Date "2022.12.21"]
[WhiteClock "0:01:24"]
[BlackClock "0:00:03"]

1. e4 d6 2. d4 Nf6 3. Nc3 g6 4. Bg5 Bg7 5. Qd2 a6 6. Bh6 Bxh6 7. Qxh6 b5 8. e5 dxe5 9. dxe5 b4 10. Rd1 Nbd7 11. Na4 Ng4 12. Qg7 Rf8 13. Nf3 Bb7 14. Ng5 e6 15. Nxh7 Qh4 16. g3 Qh5 17. Be2 Bxh1 18. Rxd7 Kxd7 19. Bxg4 Qxh2 20. Nxf8+ Kc6 21. Qxf7 Qg1+ 22. Ke2 Bd5 23. Bxe6 Qg2 24. Qd7+ 1-0


[Site "https://www.chess.com"]

[Event "Titled Tuesday Blitz December 20 Late 2022"]
[White "Broca Jimenez, Fernando"]
[Black "Blanco Acevedo, Cristobal Jose"]
[WhiteFideId "5104742"]
[BlackFideId "3900525"]
[WhiteElo "2062"]
[BlackElo "2273"]
[Result "1/2-1/2"]
[Round "03"]
[TimeControl "180+1"]
[Date "2022.12.21"]
[WhiteClock "0:00:13"]
[BlackClock "0:00:05"]

1. e4 c5 2. c3 Nf6 3. e5 Nd5 4. d4 cxd4 5. Nf3 Nc6 6. Bc4 Nb6 7. Bb3 d5 8. exd6 e6 9. Nxd4 Nxd4 10. Qxd4 Qxd6 11. O-O Qxd4 12. cxd4 a5 13. a3 a4 14. Ba2 Bd7 15. Nc3 Bc6 16. Bf4 O-O-O 17. Rfd1 Bd6 18. Be3 Bc7 19. Rac1 Rd7 20. b4 axb3 21. Bxb3 h6 22. a4 g5 23. Nb5 Bxb5 24. axb5 Kb8 25. Kf1 Rhd8 26. h3 Nd5 27. Ke2 Bb6 28. Rc2 Nf4+ 29. Bxf4+ gxf4 30. Rcd2 Rxd4 31. Rxd4 Bxd4 32. Kf3 e5 33. Bxf7 Kc7 34. Ke4 Kb6 35. Rb1 Rc8 36. Bd5 Rc2 37. Kf3 Rxf2+ 38. Kg4 Re2 39. Bf3 Rc2 40. Be4 Rc5 41. Kf5 Rc3 42. Kg6 Re3 43. Bd5 Re2 44. Kxh6 e4 45. Kg5 e3 46. Kxf4 Rf2+ 47. Bf3 Bc5 48. Ke4 e2 49. Re1 Kxb5 50. Rxe2 Rf1 51. Re3 Bxe3 52. Be2+ Kc5 53. Bxf1 Bh6 54. Kf5 Kd6 55. g4 Be3 56. Kg6 Ke7 57. h4 Kf8 58. h5 Kg8 59. g5 Kh8 60. h6 Bxg5 61. Bb5 Bxh6 62. Kxh6 b6 63. Kg6 Kg8 64. Kf5 Kh8 65. Ke6 Kg8 66. Kd6 Kh8 67. Kc6 Kg8 68. Kxb6 1/2-1/2


[Site "https://www.chess.com"]

[Event "Titled Tuesday Blitz December 20 Late 2022"]
[White "Brodowski, Piotr"]
[Black "Kalajzic, Ivan"]
[WhiteFideId "1124480"]
[BlackFideId "14506378"]
[WhiteElo "2351"]
[BlackElo "2163"]
[Result "1-0"]
[Round "03"]
[TimeControl "180+1"]
[Date "2022.12.21"]
[WhiteClock "0:00:30"]
[BlackClock "0:00:05"]

1. c4 Nc6 2. Nc3 e5 3. g3 Bc5 4. Bg2 d6 5. e3 Bf5 6. d3 Nf6 7. Nge2 Qd7 8. h3 O-O 9. g4 Bg6 10. Ng3 Rfe8 11. O-O a6 12. Kh2 Nb4 13. Nce4 Nxe4 14. Nxe4 Bxe4 15. Bxe4 Nc6 16. Bg2 Nd8 17. b3 c6 18. Bb2 Bb6 19. e4 Ne6 20. Qd2 Bd4 21. Bxd4 Nxd4 22. f4 b5 23. Rf2 a5 24. Raf1 f6 25. g5 fxg5 26. fxg5 Rf8 27. Rxf8+ Rxf8 28. Rxf8+ Kxf8 29. Qxa5 bxc4 30. dxc4 Qe7 31. Qd2 Qf7 32. Kg3 c5 33. Qf2 Qxf2+ 34. Kxf2 g6 35. Bf3 Ke7 36. Bg4 Kd8 37. Ke3 Kc7 38. Kd2 Kb6 39. Kc3 Ka5 40. a3 Kb6 41. b4 Ka6 42. Kd3 Kb6 43. h4 Ka6 44. Bd1 Kb6 45. Ke3 Ka6 46. Ba4 Kb6 47. Be8 Nc2+ 48. Kd2 Nxa3 49. Bf7 cxb4 50. Bg8 Kc5 51. Bxh7 Kxc4 52. Bxg6 b3 53. Bf7+ Kb4 54. Bxb3 Kxb3 55. g6 Nc4+ 56. Ke2 d5 57. g7 d4 58. g8=Q Kc3 59. Qd8 Nb2 60. h5 d3+ 61. Ke1 Nc4 62. h6 d2+ 63. Ke2 Kc2 64. Qd3+ Kc1 65. Qxc4+ 1-0


[Site "https://www.chess.com"]

[Event "Titled Tuesday Blitz December 20 Late 2022"]
[White "Bryakin, Mikhail"]
[Black "Izeta Txabarri, Felix"]
[WhiteFideId "4165314"]
[BlackFideId "2200260"]
[WhiteElo "2391"]
[BlackElo "2464"]
[Result "1-0"]
[Round "03"]
[TimeControl "180+1"]
[Date "2022.12.21"]
[WhiteClock "0:01:19"]
[BlackClock "0:00:01"]

1. e4 Nc6 2. Nf3 d6 3. d4 Nf6 4. Nc3 Bg4 5. Be2 e6 6. h3 Bh5 7. Be3 Be7 8. g4 Bg6 9. Nd2 d5 10. e5 Nd7 11. f4 Bh4+ 12. Kf1 O-O 13. Nf3 Be7 14. h4 f6 15. Kg2 fxe5 16. dxe5 Nb4 17. Nd4 Bf7 18. a3 c5 19. axb4 cxd4 20. Qxd4 Nb8 21. b5 Nd7 22. h5 Bc5 23. Qd2 d4 24. Bxd4 Nxe5 25. Rad1 Nd7 26. h6 e5 27. hxg7 Re8 28. Bxc5 Nxc5 29. Qxd8 Raxd8 30. fxe5 Rxd1 31. Rxd1 Rxe5 32. Bf3 Kxg7 33. b4 Ne6 34. Bxb7 Re3 35. Ne4 Re2+ 36. Kg3 Rxc2 37. Rd7 Kg6 38. Bd5 Rb2 39. Nd6 Bg8 40. Nf5 Rxb4 41. Ne7+ 1-0


[Site "https://www.chess.com"]

[Event "Titled Tuesday Blitz December 20 Late 2022"]
[White "Buchenau, Frank"]
[Black "Vetoshko, Volodymyr"]
[WhiteFideId "4604350"]
[BlackFideId "14122480"]
[WhiteElo "2157"]
[BlackElo "2422"]
[Result "1-0"]
[Round "03"]
[TimeControl "180+1"]
[Date "2022.12.21"]
[WhiteClock "0:00:12"]
[BlackClock "0:00:02"]

1. e4 c6 2. Nf3 d5 3. Nc3 dxe4 4. Nxe4 Nf6 5. Qe2 Nxe4 6. Qxe4 Nd7 7. Bc4 Nf6 8. Qe2 e6 9. d4 Be7 10. O-O O-O 11. Bf4 b5 12. Bd3 Bb7 13. a4 a6 14. Rfd1 Qb6 15. a5 Qd8 16. c3 Qd5 17. b4 Qh5 18. Qc2 c5 19. dxc5 Bxf3 20. gxf3 Qxf3 21. Bg3 h5 22. Qe2 Qc6 23. Be5 Rad8 24. Bxf6 Bxf6 25. Be4 Qc7 26. Qxh5 g6 27. Qf3 Qe5 28. Bb7 Kg7 29. c6 Rxd1+ 30. Rxd1 Rh8 31. Qg3 Qh5 32. Re1 Bd8 33. c7 Bxc7 34. Qxc7 Qg4+ 35. Qg3 Qc4 36. Re3 Rd8 37. Bxa6 Rd1+ 38. Kg2 Qf1+ 39. Kf3 1-0


[Site "https://www.chess.com"]